 Dungeon Crawl Stone Soup version 0.27-a0-1139-g28e009f8a6 (webtiles) character file.

Game seed: 8824600536598262878

56779 Feb132020 the Eclecticist (level 14, -9/72 HPs)
             Began as a Deep Elf Air Elementalist on May 6, 2021.
             Was a High Priest of Sif Muna.
             Hit by a boomerang thrown by a merfolk (22 damage)
             ... on level 1 of the Shoals on May 7, 2021.
             The game lasted 02:47:42 (23011 turns).

Feb132020 the Eclecticist (DEAE)                   Turns: 23011, Time: 02:47:43

Health: -9/72      AC:  4    Str:  5    XL:     14   Next: 43%
Magic:  14/39      EV: 16    Int: 22    God:    Sif Muna [*****.]
Gold:   832        SH:  8    Dex: 19    Spells: 23/51 levels left

rFire    + + .     SeeInvis .   b - staff of air
rCold    x . .     Faith    .   E - +3 buckler
rNeg     . . .     Spirit   .   w - +0 robe
rPois    +         Reflect  .   (no helmet)
rElec    +         Harm     .   (no cloak)
rCorr    .         Rampage  .   h - +0 pair of gloves
Will     +....                  U - +0 pair of boots
Stlth    ++++......             y - amulet of magic regeneration
HPRegen  0.22/turn              f - ring of protection from fire
MPRegen  0.51/turn              S - ring of fire

@: no status effects
A: poison resistance
a: Renounce Religion, Channel Magic, Forget Spell, Divine Exegesis


You were on level 1 of the Shoals.
You worshipped Sif Muna.
Sif Muna was extremely pleased with you.
You visited 4 branches of the dungeon, and saw 16 of its levels.
You also visited: Sewer.

You collected 1157 gold pieces.
You spent 325 gold pieces at shops.

Inventory:

Hand Weapons
 a - a +4 vorpal dagger
 v - a +0 dagger
Missiles
 m - 124 poisoned darts
 o - 3 throwing nets
 D - 7 atropa-tipped darts
Armour
 h - a +0 pair of gloves (worn)
 w - a +0 robe (worn)
 E - a +3 buckler (worn)
 G - a +3 leather armour
 U - a +0 pair of boots (worn)
Magical Staves
 b - a staff of air (weapon)
 R - a staff of death
Jewellery
 f - a ring of protection from fire (left hand)
 u - a +4 ring of evasion
 y - an amulet of magic regeneration (around neck)
 z - a +4 ring of protection
 F - a ring of positive energy
 I - a +6 ring of dexterity
 M - a +4 ring of evasion
 O - a +6 ring of intelligence
 P - a ring of wizardry
 S - a ring of fire (right hand)
 V - a ring of fire
Wands
 q - a wand of digging (15)
 x - a wand of flame (39)
 H - a wand of mindburst (41)
 L - a wand of polymorph (10)
 Q - a wand of charming (13)
Scrolls
 g - 5 scrolls of immolation
 p - 2 scrolls of fog
 A - 4 scrolls of teleportation
 J - 2 scrolls of magic mapping
 K - 4 scrolls of amnesia
Potions
 c - 10 potions of curing
 d - 2 potions of might
 e - 9 potions of ambrosia
 i - 4 potions of lignification
 j - 10 potions of heal wounds
 k - 4 potions of brilliance
 l - a potion of cancellation
 n - a potion of mutation
 r - 2 potions of berserk rage
 s - 2 potions of flight
 B - a potion of invisibility
 C - 5 potions of haste
 N - a potion of resistance
Miscellaneous
 T - a phial of floods


   Skills:
 + Level 2.6 Fighting
 + Level 2.9 Short Blades
 + Level 1.0 Throwing
 + Level 6.9 Dodging
 + Level 7.1 Stealth
 + Level 2.6 Shields
 + Level 19.2 Spellcasting
 + Level 9.7 Conjurations
 + Level 3.2 Translocations
 + Level 4.8 Fire Magic
 + Level 14.2 Air Magic
 + Level 2.5 Poison Magic


You had 23 spell levels left.
You knew the following spells:

 Your Spells              Type           Power      Damage    Failure   Level
a - Shock                 Conj/Air       100%       1d9       1%          1
b - Static Discharge      Conj/Air       84%        N/A       1%          2
c - Mephitic Cloud        Conj/Pois/Air  74%        N/A       1%          3
d - Magic Dart            Conj           100%       1d8       1%          1
e - Airstrike             Air            45%        N/A       1%          4
f - Sticky Flame          Conj/Fire      68%        2d8       1%          4
i - Iskenderun's Battles  Conj           59%        2d11      1%          5
r - Searing Ray           Conj           100%       3d7       1%          2
s - Swiftness             Air            90%        N/A       1%          3
A - Apportation           Tloc           70%        N/A       1%          1
B - Blink                 Tloc           N/A        N/A       1%          2

Your spell library contained the following spells:

 Spells                   Type           Power      Damage    Failure   Level
 Foxfire                  Conj/Fire      100%       2x1d9     1%          1
 Poisonous Vapours        Pois/Air       100%       N/A       1%          2
 Conjure Flame            Conj/Fire      68%        6-21      1%          3
 Dazzling Flash           Conj/Hex       84%        N/A       1%          3
 Iskenderun's Mystic Bla  Conj/Tloc      49%        2d11      1%          4
 Lightning Bolt           Conj/Air       42%        1d61      1%          5
 Animate Skeleton         Necr           42%        N/A       2%          1
 Beastly Appendage        Tmut           42%        N/A       2%          1
 Corona                   Hex            23%        N/A       2%          1
 Summon Small Mammal      Summ           84%        N/A       2%          1
 Gell's Gravitas          Tloc           17%        N/A       2%          3
 Inner Flame              Hex/Fire       47%        N/A       3%          3
 Fulminant Prism          Conj/Hex       21%        3d13      3%          4
 Conjure Ball Lightning   Conj/Air       42%        3x3d15    3%          6
 Call Imp                 Summ           21%        N/A       4%          2
 Slow                     Hex            21%        N/A       4%          2
 Wereblood                Tmut           21%        N/A       4%          2
 Portal Projectile        Hex/Tloc       56%        N/A       4%          3
 Spider Form              Tmut/Pois      13%        N/A       4%          3
 Fireball                 Conj/Fire      34%        3d14      4%          5
 Silence                  Hex/Air        34%        N/A       4%          5
 Confusing Touch          Hex            21%        N/A       9%          3
 Olgreb's Toxic Radiance  Pois           32%        N/A       10%         4
 Bolt of Magma            Conj/Fire/Erth 29%        4d13      11%         5
 Irradiate                Conj/Tmut      21%        3d20      11%         5
 Manifold Assault         Tloc           35%        N/A       21%         5
 Ice Form                 Ice/Tmut       21%        N/A       28%         4
 Petrify                  Tmut/Erth      21%        N/A       28%         4
 Orb of Destruction       Conj           29%        9d11      41%         7
 Hydra Form               Tmut           10%        N/A       61%         5
 Metabolic Englaciation   Hex/Ice        10%        N/A       61%         5
 Yara's Violent Unravell  Hex/Tmut       10%        3d6       61%         5
 Blade Hands              Tmut           10%        N/A       99%         6
 Statue Form              Tmut/Erth      14%        N/A       99%         6
 Dragon Form              Tmut           10%        N/A       100%        7
 Tornado                  Air            45%        N/A       100%        9


Dungeon Overview and Level Annotations

Branches:
Dungeon (8/15)             Temple (1/1) D:4            Lair (6/6) D:8
 Shoals (1/4) Lair:4       Spider (0/4) Lair:4        Sewer (visited)
  Slime: Lair:5-6

Altars:
Ashenzari
Cheibriados
Elyvilon
Fedhas
Gozag
Hepliaklqana
Kikubaaqudgha
Makhleb
Nemelex Xobeh
Okawaru
Qazlal
Ru
Sif Muna
Uskayaw
Vehumet
Wu Jian
Yredelemnul
Zin
The Shining One

Shops:
D:3 !   D:7 [

Annotations:
Lair:3 exclusion: 3 oklob plants


Innate Abilities, Weirdness & Mutations

Your system is resistant to poisons. (rPois)


Message History

The merfolk throws a boomerang.
The boomerang hits you.
* * * LOW HITPOINT WARNING * * *
Unknown command.
Found a potion of curing.
Unknown command.
Unknown command.
Unknown command.
Casting: Shock (safe; 1% risk of failure)
Confirm with . or Enter, or press ? or * to list all spells.
Aiming: Shock (safe; 1% risk of failure)
Press: ? - help, Shift-Dir - straight line, f/p - merfolk
Aim: a merfolk, wielding a +0 trident and quivering boomerangs (67% to hit)
You feel a surge of power!
The zap misses the merfolk.
Your battlesphere fires!
The barrage of energy hits the merfolk.
The merfolk is lightly wounded.
Casting: Shock (safe; 1% risk of failure)
Confirm with . or Enter, or press ? or * to list all spells.
Okay, then.
The merfolk throws a boomerang.
The boomerang hits you.
* * * LOW HITPOINT WARNING * * *
You see here 11 gold pieces.
Casting: Shock (safe; 1% risk of failure)
Confirm with . or Enter, or press ? or * to list all spells.
Okay, then.
Unknown command.
Unknown command.
Unknown command.
Casting: Shock (safe; 1% risk of failure)
Confirm with . or Enter, or press ? or * to list all spells.
Aiming: Shock (safe; 1% risk of failure)
Press: ? - help, Shift-Dir - straight line, f/p - merfolk
Aim: a merfolk, wielding a +0 trident and quivering boomerangs (lightly wounded, ally target, 67% to hit)
You feel a surge of power!
The zap hits the merfolk!
The merfolk is moderately wounded.
Your battlesphere fires!
The barrage of energy hits the merfolk.
The merfolk is moderately wounded.
The merfolk throws a boomerang.
The boomerang hits you!!
You die...

≈≈≈≈≈≈≈≈≈≈≈≈≈≈..###
≈≈≈≈≈≈≈≈≈≈≈≈≈≈≈.....
≈≈≈≈≈≈≈≈≈≈≈≈≈≈......
≈≈≈≈≈≈≈≈≈*≈≈.≈≈.....
≈≈≈≈≈≈≈≈≈≈≈>.≈≈≈..!.
≈≈≈≈≈≈..≈≈≈≈..≈≈≈...
≈≈≈≈≈≈...m.....≈≈≈≈.
≈≈≈≈....###...≈≈≈≈≈.
≈≈≈≈.....##.@....≈..
≈≈≈≈≈....#......≈..≈
≈≈≈≈≈≈......≈.......
≈≈≈≈≈≈≈.?..≈≈..#....
≈≈≈≈≈≈≈≈≈≈.≈≈≈....≈≈
≈≈≈≈≈≈≈≈≈≈≈≈≈....≈≈≈
≈≈≈≈≈≈≈≈≈≈≈≈≈...≈≈≈≈
≈≈≈≈≈≈≈≈≈≈≈≈≈≈≈≈≈≈≈
≈≈≈≈≈≈≈≈≈≈≈≈≈≈≈≈≈≈≈


You could see a merfolk (ally target) and a friendly battlesphere.

Vanquished Creatures
  A fire dragon (Lair:6)
  6 hydras
  9 death yaks
  A catoblepas (Lair:3)
  A sea snake (Shoals:1)
  A lindwurm (Lair:6)
  Pikel (D:8)
  An orb spider (Lair:4)
  2 oklob plants (Lair:3)
  12 black mambas
  A manticore (D:8)
  Maurice (D:8)
  19 elephants
  3 molten gargoyles (Lair:6)
  23 cane toads
  A torpor snail (Lair:3)
  4 rime drakes
  10 komodo dragons
  A wind drake (Shoals:1)
  A queen bee (Lair:3)
  2 polar bears
  22 blink frogs
  A spriggan (Lair:1)
  2 water elementals (Shoals:1)
  11 wyverns
  A wraith (D:8)
  28 yaks
  6 basilisks
  3 steam dragons
  3 hell hounds (Lair:6)
  11 water moccasins
  2 sky beasts (D:6)
  Duvessa (D:4)
  3 orc warriors
  5 black bears
  An ice beast (D:5)
  A necrophage (D:4)
  16 wolves
  An ogre (D:5)
  2 centaurs
  2 lemures (D:8)
  A phantom (D:4)
  3 kobold brigands
  12 bullfrogs
  A wyvern zombie (D:8)
  3 gnoll sergeants (D:7)
  A scorpion (D:6)
  Dowan (D:4)
  31 killer bees (Lair:3)
  An electric eel (Lair:1)
  2 howler monkeys (D:5)
  5 lava snakes (Lair:6)
  7 orc priests
  2 jellies
  2 centaur skeletons
  2 gnoll shamans (D:7)
  7 hounds
  Terence (D:3)
  7 iguanas
  11 orc wizards
  A hound skeleton (D:4)
  A mummy (D:7)
  A howler monkey zombie (D:6)
  19 gnolls
  2 adders
  8 river rats
  A shadow imp (D:6)
  A white imp (D:7)
  An ufetubus (D:5)
  2 adder skeletons (D:4)
  2 worms (D:3)
  2 dart slugs (D:1)
  35 orcs
  5 bats
  11 endoplasms
  3 giant cockroaches
  5 goblins
  4 hobgoblins
  18 jackals
  32 kobolds
  2 quokkas
  15 ball pythons
  4 frilled lizards
  26 rats
  A spectral orc (D:3)
525 creatures vanquished.

Vanquished Creatures (collateral kills)
  A boulder beetle (D:8)
  A bullfrog (D:8)
2 creatures vanquished.

Vanquished Creatures (others)
  A cane toad (Lair:6)
  A yak (Lair:6)
  A basilisk (Lair:6)
  56 fungi
  164 plants
223 creatures vanquished.

Grand Total: 750 creatures vanquished

Notes
Turn   | Place    | Note
-------+----------+-------------------------------------------
     0 | D:1      | Feb132020 the Deep Elf Air Elementalist began the quest for
                  | the Orb.
     0 | D:1      | Reached XP level 1. HP: 10/10 MP: 6/6
   163 | D:1      | Reached XP level 2. HP: 15/15 MP: 4/8
   166 | D:1      | Learned a level 2 spell: Static Discharge
   671 | D:1      | Reached XP level 3. HP: 16/19 MP: 3/10
  1608 | D:2      | Reached XP level 4. HP: 23/24 MP: 2/11
  1992 | D:2      | Reached skill level 4 in Spellcasting
  2322 | D:2      | Found a faded altar of an unknown god.
  2730 | D:3      | Found Ryffuvon's Distillery.
  2864 | D:3      | Found a blossoming altar of Fedhas.
  2909 | D:3      | Found a glowing drain.
  2922 | D:3      | Reached XP level 5. HP: 28/28 MP: 5/13
  3009 | Sewer    | Entered a sewer
  3311 | Sewer    | Reached skill level 5 in Spellcasting
  3535 | Sewer    | Reached XP level 6. HP: 32/32 MP: 11/16
  3539 | Sewer    | Learned a level 3 spell: Swiftness
  4212 | D:3      | Noticed Terence
  4219 | D:3      | Killed Terence
  4287 | D:3      | Found a basalt altar of Yredelemnul.
  4434 | D:3      | Reached skill level 6 in Spellcasting
  4833 | D:3      | Found an iron altar of Okawaru.
  5446 | D:4      | Noticed Duvessa
  5477 | D:4      | Found a staircase to the Ecumenical Temple.
  5486 | Temple   | Entered the Ecumenical Temple
  5574 | D:4      | Reached XP level 7. HP: 36/36 MP: 12/18
  5578 | D:4      | Learned a level 3 spell: Mephitic Cloud
  5764 | D:4      | Noticed Dowan
  5819 | D:4      | Killed Dowan
  5842 | D:4      | Reached skill level 7 in Spellcasting
  5842 | D:4      | Reached skill level 5 in Air Magic
  5863 | D:4      | Killed Duvessa
  6547 | D:3      | Bought a potion of mutation for 104 gold pieces
  6547 | D:3      | Gained mutation: Your system is resistant to poisons.
                  | (rPois) [potion of mutation]
  6834 | D:5      | Entered Level 5 of the Dungeon
  6868 | D:5      | Reached skill level 5 in Conjurations
  6870 | D:5      | Reached skill level 1 in Poison Magic
  6973 | D:5      | Found a shimmering blue altar of Sif Muna.
  7184 | D:5      | Found a stormy altar of Qazlal.
  7203 | D:5      | Reached XP level 8. HP: 41/42 MP: 14/21
  7344 | D:5      | Reached skill level 8 in Spellcasting
  7523 | D:5      | Found a sacrificial altar of Ru.
  7695 | D:5      | Learned a level 1 spell: Apportation
  7698 | D:5      | Learned a level 2 spell: Blink
  8039 | D:5      | Became a worshipper of Sif Muna the Loreminder
  8056 | D:6      | Reached skill level 1 in Translocations
  8116 | D:6      | Learned a level 1 spell: Magic Dart
  8123 | D:5      | Learned a level 2 spell: Searing Ray
  8136 | D:6      | Reached skill level 9 in Spellcasting
  8493 | D:6      | Reached XP level 9. HP: 46/46 MP: 18/24
  8602 | D:3      | Bought a potion of haste for 130 gold pieces
  8602 | D:3      | Bought a potion of attraction for 39 gold pieces
  8602 | D:3      | Bought a potion of degeneration for 13 gold pieces
  8602 | D:3      | Bought a potion of flight for 39 gold pieces
  9155 | D:7      | Found a snail-covered altar of Cheibriados.
  9222 | D:7      | Found Fecic's Antique Armour Boutique.
  9424 | D:7      | Reached * piety under Sif Muna
  9467 | D:7      | Reached skill level 10 in Spellcasting
  9891 | D:7      | Learned a level 4 spell: Airstrike
 10063 | D:7      | Reached ** piety under Sif Muna
 10131 | D:7      | Reached skill level 1 in Fighting
 10147 | D:7      | Reached skill level 11 in Spellcasting
 10573 | D:8      | Noticed Maurice
 10598 | D:8      | Found a hide-covered altar of Uskayaw.
 10598 | D:8      | Found a radiant altar of Vehumet.
 10602 | D:8      | Found an ornate altar of the Wu Jian Council.
 10711 | D:8      | Noticed a manticore
 10715 | D:8      | Noticed a boulder beetle
 10718 | D:8      | Killed a manticore
 10719 | D:8      | Reached XP level 10. HP: 29/52 MP: 22/27
 10758 | D:8      | Killed Maurice
 10774 | D:8      | Killed a boulder beetle
 10775 | D:8      | Reached skill level 1 in Short Blades
 10775 | D:8      | Reached skill level 5 in Stealth
 11073 | D:8      | Noticed Pikel
 11079 | D:8      | Killed Pikel
 11477 | D:8      | Found a staircase to the Lair.
 11683 | D:8      | Identified a scroll of acquirement
 11684 | D:8      | Acquired a staff of air
 11909 | D:8      | Reached skill level 12 in Spellcasting
 12019 | Lair:1   | Entered Level 1 of the Lair of Beasts
 12140 | Lair:1   | Reached *** piety under Sif Muna
 12302 | Lair:1   | Found a gate leading to a gauntlet.
 12303 | Lair:1   | Noticed a cane toad
 12304 | Lair:1   | Noticed a black mamba
 12315 | Lair:1   | Killed a cane toad
 12316 | Lair:1   | Reached skill level 5 in Dodging
 12316 | Lair:1   | Reached skill level 1 in Shields
 12318 | Lair:1   | Killed a black mamba
 12450 | Lair:1   | Noticed a six-headed hydra
 12460 | Lair:1   | Killed a six-headed hydra
 12547 | Lair:1   | Reached skill level 13 in Spellcasting
 12573 | Lair:1   | Reached XP level 11. HP: 57/57 MP: 15/30
 12717 | Lair:1   | Noticed a four-headed hydra
 12739 | Lair:1   | Killed a four-headed hydra
 13103 | Lair:1   | Found a glowing silver altar of Zin.
 13785 | Lair:2   | Reached skill level 10 in Air Magic
 13975 | Lair:2   | Reached skill level 14 in Spellcasting
 14366 | Lair:2   | Upgraded the game from 0.27-a0-1137-g3ef0f4ec91 to
                  | 0.27-a0-1139-g28e009f8a6
 14922 | Lair:3   | Reached **** piety under Sif Muna
 15003 | Lair:3   | Noticed a catoblepas
 15322 | Lair:3   | Reached skill level 15 in Spellcasting
 15338 | Lair:3   | Reached XP level 12. HP: 62/62 MP: 14/33
 15800 | Lair:3   | Noticed a death yak
 15826 | Lair:3   | Noticed a death yak
 15844 | Lair:2   | Killed a death yak
 16051 | Lair:3   | Noticed a death yak
 16059 | Lair:3   | Killed a death yak
 16060 | Lair:3   | Noticed a death yak
 16627 | Lair:3   | Killed a catoblepas
 16628 | Lair:3   | Reached skill level 16 in Spellcasting
 16761 | Lair:3   | Reached ***** piety under Sif Muna
 17185 | Lair:2   | Killed a death yak
 17240 | Lair:2   | Killed a death yak
 17561 | Lair:3   | Identified Sif Muna's Grimoire of the Gliding Voyage (Sif
                  | Muna gifted it to you on level 3 of the Lair of Beasts)
 17561 | Lair:3   | Received a gift from Sif Muna
 17825 | Lair:4   | Noticed an eight-headed hydra
 17830 | Lair:4   | Killed an eight-headed hydra
 17875 | Lair:4   | Found a hole to the Spider Nest.
 17922 | Lair:4   | Reached XP level 13. HP: 68/68 MP: 27/35
 18117 | Lair:4   | Learned a level 4 spell: Sticky Flame
 18191 | Lair:4   | Reached skill level 1 in Fire Magic
 18298 | Lair:4   | Reached skill level 17 in Spellcasting
 19234 | Lair:4   | Found a staircase to the Shoals.
 20148 | Lair:5   | Reached skill level 18 in Spellcasting
 20427 | Lair:5   | Reached skill level 1 in Throwing
 21031 | Lair:5   | Reached XP level 14. HP: 64/72 MP: 10/38
 21100 | Lair:4   | Identified Sif Muna's Compendium of Lethal Venom (Sif Muna
                  | gifted it to you on level 4 of the Lair of Beasts)
 21100 | Lair:4   | Received a gift from Sif Muna
 21419 | Lair:5   | Learned a level 5 spell: Iskenderun's Battlesphere
 21480 | Lair:6   | Entered Level 6 of the Lair of Beasts
 22188 | Lair:6   | Found a large runed translucent door.
 22188 | Lair:6   | Found a large runed translucent door.
 22218 | Lair:6   | Reached skill level 19 in Spellcasting
 22823 | Shoals:1 | Entered Level 1 of the Shoals
 22995 | Shoals:1 | HP: 2/72 [sea snake (16)]
 23011 | Shoals:1 | Hit by a boomerang thrown by a merfolk

Illustrated notes

Levels and vault maps discovered:
D:1:      dpeg_arrival_leaves_temple_mockup, layout_loops_ring
D:2:      layout_basic, basic_ecumenical_altar
D:3:      layout_basic, yredelemnul_forgotten_temple_becter, marbit_many_paths,
          lemuel_doored_altar, serial_shops, shop_statue,
          cheibrodos_sewer_entry_sluice, uniq_terence
D:4:      layout_basic, minmay_temple_entry_water_ring, uniq_duvessa
D:5:      layout_basic, grunt_qazlal_clouds, nicolae_ru_path_of_blood,
          general_overflow_altar, supply_closet_lemuel, guppyfry_early_orc_mine
D:6:      layout_layer_cave
D:7:      layout_cave_pools, slow_altar_1, serial_gnoll_camp,
          gnoll_camp_mini_loothouse, gnoll_camp_mini_house,
          gnoll_camp_huts_basic, gnoll_camp_mini_basic, gnoll_camp_mini_shop,
          minmay_chambers_of_fives
D:8:      nzn_winding_woodlands_small [nzn_winding_woodlands_5x15_cabin,
          nzn_winding_woodlands_center_diamonds,
          nzn_winding_woodlands_5x15_garden], layout_basic,
          nicolae_overflow_hidden_temple, dpeg_oklobed_lair, uniq_maurice,
          uniq_pikel
Temple:   dpeg_three_leaves_temple
Lair:1:   layout_cave_pods, gauntlet_entry_generic, basic_altar,
          nicolae_quartered_pool_medium, grunt_forest_large_clearing_hut
Lair:2:   layout_long_grid, infiniplex_staircase_pool
Lair:3:   regret_index_harrowing_hell_hive, layout_regular_city,
          grunt_megastairs_4, serial_bayou_shore_b, minmay_lair_oklob_chamber,
          lemuel_fruit_tree
Lair:4:   layout_gridlike, minmay_shoals_entry_centaurs,
          nicolae_spider_entry_orb_guardian, beast_lair_carwin_7,
          infiniplex_staircase_pool_2, grunt_megastairs_5
Lair:5:   layout_concentric_octagons
Lair:6:   cheibrodos_lair_end_hotspot, layout_cave_pods,
          nicolae_slime_entry_slimehenge
Shoals:1: layout_shoals, gammafunk_ghost_arena, uniq_louise

Skill      XL: |  1  2  3  4  5  6  7  8  9 10 11 12 13 14 |
---------------+-------------------------------------------+-----
Conjurations   | 2 3 4 5 6 7 8 9 |  9.7
Dodging        | 3 4 5 6 |  6.9
Spellcasting   | 4 5 6 7 9 11 13 15 16 18 19 | 19.2
Air Magic      | 4 5 6 7 9 10 12 13 14 | 14.2
Stealth        | 3 4 5 6 7 |  7.1
Poison Magic   | 1 2 |  2.5
Translocations | 2 3 |  3.2
Fighting       | 1 2 |  2.6
Short Blades   | 1 2 |  2.9
Shields        | 1 2 |  2.6
Fire Magic     | 4 |  4.8
Throwing       | 1 |  1.0

Action                   |  1- 3 |  4- 6 |  7- 9 | 10-12 | 13-15 || total
-------------------------+-------+-------+-------+-------+-------++-------
Melee: Dagger            |     9 |    29 |    33 |   121 |    74 ||   266
Throw: Dart              |       |       |       |       |    18 ||    18
 Cast: Shock             |    70 |   196 |   231 |    70 |   112 ||   679
       Static Discharge  |     2 |     9 |    16 |    31 |    18 ||    76
       Mephitic Cloud    |       |       |     7 |    12 |    21 ||    40
       Magic Dart        |       |       |     7 |     9 |     9 ||    25
       Blink             |       |       |     4 |     7 |     4 ||    15
       Searing Ray       |       |       |    23 |    32 |    10 ||    65
       Airstrike         |       |       |     8 |   219 |   170 ||   397
       Apportation       |       |       |       |     4 |       ||     4
       Sticky Flame      |       |       |       |       |    46 ||    46
       Iskenderun's Batt |       |       |       |       |    24 ||    24
Evoke: Wand              |       |       |       |     1 |       ||     1
  Use: Scroll            |       |     4 |     8 |    12 |     7 ||    31
       Potion            |       |     2 |     2 |     3 |     4 ||    11
 Stab: Sleeping          |     2 |       |       |       |       ||     2
       Confused          |       |       |     5 |    16 |    14 ||    35
       Petrified         |       |       |       |     3 |       ||     3
Armor: Robe              |     6 |    17 |    18 |    15 |    15 ||    71
Dodge: Dodged            |    11 |    36 |    40 |   164 |    82 ||   333
Block: Buckler           |       |       |     9 |    65 |    46 ||   120

Table legend: (Time is in decaauts)
 A = Elapsed time spent in this place.
 B = Non-inter-level travel time spent in this place.
 C = Inter-level travel time spent in this place.
 D = Time resting spent in this place.
 E = Time spent auto-exploring this place.
 F = Levels seen in this place.
 G = Mean time per level.
                   A        B        C        D        E       F      G
               +--------+--------+--------+--------+--------+-----+--------+
         Total |  23043 |  21894 |   1149 |   1762 |  16140 |  17 | 1355.5 |
       Dungeon |  10866 |  10261 |    605 |    342 |   8264 |   8 | 1358.2 |
        Temple |    111 |     97 |     14 |     28 |     65 |   1 |  111.0 |
          Lair |  10800 |  10272 |    528 |   1281 |   6894 |   6 | 1800.0 |
        Shoals |    190 |    190 |      0 |    111 |     21 |   1 |  190.0 |
         Sewer |   1074 |   1074 |      0 |      0 |    895 |   1 | 1074.0 |
               +--------+--------+--------+--------+--------+-----+--------+

Top non-repeatable levels by time:
  Lair:3: 2485 daAuts
  Lair:4: 2115 daAuts
  Lair:2: 1789 daAuts
     D:4: 1676 daAuts
     D:8: 1601 daAuts
  Lair:5: 1600 daAuts
  Lair:1: 1511 daAuts
     D:2: 1479 daAuts
     D:3: 1428 daAuts
  Lair:6: 1297 daAuts
     D:7: 1285 daAuts
     D:5: 1265 daAuts
     D:1: 1210 daAuts
   Sewer: 1074 daAuts
     D:6: 918 daAuts
